AoeStats
← saschauli

Arabian Desert

510726252Analyzed
1v1 RM · 20h ago on Oct 2, 2026· 47m 57s· 2 players
Game mode
Random Map
Map size
Tiny (2 player)
Population
200
Speed
Normal
Resources
Standard
Victory
Conquest
Starting age
Dark Age
Ending age
Imperial Age
RankedLock teamsTeams togetherTeam positionsShared explorationLock speedFull tech treeHidden civsTurbo modeCheats
Victory
Defeat
🇩🇪 Celts · Germany
932
+16
🇧🇪 Franks · Belgium
931
-16
DREAMSP0T
9:02 Loom
12:33 Feudal Age
15:52 Double-Bit Axe
19:02 Castle Age
20:04 Husbandry
21:42 Wheelbarrow
20:53 Town Watch
21:04 Gold Mining
21:38 Forging
21:34 Scale Barding Armor
25:59 Stone Mining
26:45 Gold Shaft Mining
28:46 Bow Saw
34:48 Imperial Age
34:12 Fletching
34:58 Iron Casting
34:43 Chain Barding Armor
35:33 Cavalier
37:15 Chivalry
38:12 Elite Throwing Axeman
39:43 Ordonnance Companies
41:07 Hand Cart
40:58 Town Patrol
41:38 Paladin
43:51 Ballistics
48:33 Blast Furnace
48:08 Plate Barding Armor
saschauli
5:58 Loom
11:29 Feudal Age
12:32 Man-at-Arms
14:52 Scale Mail Armor
19:42 Castle Age
17:33 Horse Collar
19:17 Double-Bit Axe
19:44 Pikeman
20:41 Bow Saw
20:29 Stone Mining
20:57 Heavy Plow
23:53 Stone Shaft Mining
24:47 Gold Mining
26:19 Forging
27:29 Gold Shaft Mining
34:35 Imperial Age
34:44 Chain Mail Armor
35:59 Iron Casting
35:27 Halberdier
36:35 Elite Woad Raider
37:40 Conscription
37:22 Fletching
40:04 Wheelbarrow
40:13 Plate Mail Armor
40:44 Blast Furnace
39:41 Bodkin Arrow
Connection lost

Rejoining the realm…

Still unreachable

The connection could not be restored.

Session expired

The server has moved on; the page needs a fresh start.